 Seeded DCSS version 0.30-a0-930-gb9d0489357 (webtiles) character file.

Game seed: 7066997891792816003 (custom seed)

3565 GigaChad the Cleaver (level 10, -20/77 HPs)
             Began as a Formicid Gladiator on Mar 23, 2023.
             Was an Elder of Okawaru.
             Killed from afar by an acid dragon (22 damage)
             ... with a splash of acid
             ... on level 9 of the Dungeon.
             The game lasted 00:08:55 (6484 turns).

GigaChad the Cleaver (Formicid Gladiator)           Turns: 6484, Time: 00:08:55

Health: -20/77     AC:  8    Str: 23    XL:     10   Next: 30%
Magic:  10/10      EV: 20    Int:  8    God:    Okawaru [****..]
Gold:   1511       SH:  0    Dex: 15    Spells: 9/9 levels left

rFire   . . .      SeeInvis +    K - +7 battleaxe
rCold   . . .      Faith    +    (no shield)
rNeg    . . .      Spirit   .    p - +0 chain mail
rPois   .          Reflect  .    (helmet unavailable)
rElec   .          Rampage  .    (no cloak)
rCorr   .                        o - +1 pair of gloves
Will    +....                    (no boots) Stlth
                                 j - amulet of faith
HPRegen 0.32/turn                w - +5 ring of evasion
MPRegen 0.12/turn                h - +5 ring of evasion

@: corroded
A: permanent stasis, dig shafts and tunnels, antennae 3, four strong arms
a: Dig, Shaft Self, Renounce Religion, Heroism, Finesse


You were on level 9 of the Dungeon.
You worshipped Okawaru.
Okawaru was greatly pleased with you.
You visited 2 branches of the dungeon, and saw 9 of its levels.

You collected 1511 gold pieces.

Inventory:

Hand Weapons
 a - a +0 war axe
 v - a +0 scimitar
 J - a +1 great sword
 K - a +7 battleaxe (weapon)
Missiles
 c - 3 throwing nets (quivered)
 d - 5 javelins
 m - 10 silver javelins
Armour
 b - a +0 leather armour
 g - a +1 leather armour of fire resistance
 o - a +1 pair of gloves (worn)
 p - a +0 chain mail (worn)
Jewellery
 e - a ring of resist corrosion
 f - a ring of willpower
 h - a +5 ring of evasion (right hand)
 j - an amulet of faith (around neck)
 w - a +5 ring of evasion (left hand)
 C - a +5 ring of evasion
Scrolls
 i - a scroll of fear
 l - 3 scrolls of amnesia
 q - a scroll of noise
 t - 3 scrolls of teleportation
 u - 2 scrolls of poison
 x - 2 scrolls of immolation
 y - a scroll of vulnerability
 D - a scroll of enchant armour
 F - a scroll of identify
 G - 4 scrolls of silence
 L - a scroll of enchant weapon
Potions
 k - 2 potions of degeneration {unknown}
 n - a potion of mutation {unknown}
 r - 2 potions of ambrosia {unknown}
 s - 4 potions of might {unknown}
 z - a potion of flight {unknown}
 A - 2 potions of lignification {unknown}
 B - 2 potions of curing {unknown}
 E - 2 potions of invisibility {unknown}
 H - a potion of brilliance {unknown}
 I - a potion of heal wounds {unknown}


   Skills:
 * Level 6.5 Fighting
 + Level 8.3(8.9) Axes
 * Level 4.5(7.0) Polearms
 + Level 2.0 Throwing
 * Level 6.6 Armour
 * Level 5.3 Dodging
 * Level 6.0 Stealth


You had 9 spell levels left.
You didn't know any spells.
Your spell library contained the following spells:

 Spells                   Type           Power      Damage    Failure   Level
 Slow                     Hex            0%         N/A       96%         1
 Cigotuvi's Dreadful Rot  Necr/Pois/Air  0%         N/A       99%         2
 Poisonous Vapours        Pois/Air       0%         N/A       99%         2
 Confusing Touch          Hex            0%         N/A       100%        3
 Mephitic Cloud           Conj/Pois/Air  0%         N/A       100%        3
 Vampiric Draining        Necr           0%         2d6       100%        3


Dungeon Overview and Level Annotations

Branches:
Dungeon (9/15)             Temple (1/1) D:5
   Lair: D:8-11         Orc: D:9-12

Altars:
Ashenzari
Cheibriados
Elyvilon
Fedhas
Gozag
Hepliaklqana
Kikubaaqudgha
Makhleb
Nemelex Xobeh
Okawaru
Qazlal
Ru
Sif Muna
Trog
Uskayaw
Vehumet
Wu Jian
Xom
Yredelemnul
Zin
The Shining One

Shops:
D:1 *?*[   D:5 *


Innate Abilities, Weirdness & Mutations

You cannot be hasted, slowed, berserked, paralysed or teleported.
You can dig through walls and to a lower floor.
You have a pair of large antennae on your head. (SInv)
Your four strong arms can wield two-handed weapons with a shield.


Message History

Unknown command.
You slice the orc priest!!
You kill the orc priest!
Okawaru accepts your kill.
You slash the orc!
You kill the orc!
Okawaru accepts your kill.
You closely miss the orc warrior. The acid dragon spits acid at you.
The splash of acid misses you.
The orc warrior hits you with a +3 halberd!
The orc warrior completely misses you.
Your life force feels restored.
Your Stealth skill increases to level 6!
You are too injured to fight recklessly!
You are too injured to fight recklessly!
Unknown command.
You are too injured to fight recklessly!
Unknown command.
You are too injured to fight recklessly!
You slash the acid dragon!
The acid dragon is heavily wounded.
You slash the orc warrior! The acid dragon barely misses you.
The acid dragon completely misses you.
The orc warrior hits you with a +3 halberd.
You slash the acid dragon!
The acid dragon is almost dead.
You slash the orc warrior!
You kill the orc warrior!
Okawaru accepts your kill. The acid dragon spits acid at you.
The splash of acid hits you!!
* * * LOW HITPOINT WARNING * * *
The acid corrodes you!
You hear a shout!
You closely miss the acid dragon.
The acid dragon is almost dead.
The acid dragon spits acid at you. The splash of acid hits you!!
You die...

#..........[..
#.............
#.............
#.............
#.............
#............
#...#D)......
#...)@)......
#............
#...######...
##..## . #<.##
#..# ...##
##.## ##


You could see an acid dragon (catching breath).

Vanquished Creatures
  Pikel (D:7)
  Eustachio (D:6)
  Sigmund (D:2)
  2 wyverns (D:8)
  4 water moccasins
  2 black bears (D:6)
  2 ice beasts
  2 orc warriors
  A centaur (D:7)
  3 lemures (D:7)
  A phantom (D:5)
  3 bullfrogs
  2 gnoll sergeants
  2 scorpions (D:7)
  4 wights (D:7)
  A howler monkey (D:7)
  2 hounds
  A jelly (D:7)
  4 orc priests
  4 iguanas
  5 orc wizards
  11 gnolls
  8 adders
  2 white imps
  3 ufetubi
  A worm (D:3)
  4 dart slugs
  17 orcs
  4 endoplasms
  4 giant cockroaches
  4 goblins
  7 hobgoblins
  5 jackals (D:1)
  2 quokkas
  3 ball pythons (D:1)
  9 bats
  6 frilled lizards
  6 rats
  A butterfly (D:5)
145 creatures vanquished.

Notes
Turn   | Place    | Note
-------+----------+-------------------------------------------
     0 | D:1      | GigaChad the Formicid Gladiator began the quest for the
                  | Orb.
     0 | D:1      | Reached XP level 1. HP: 16/16 MP: 1/1
    55 | D:1      | Reached XP level 2. HP: 13/22 MP: 2/2
   119 | D:1      | Found Coneu's Antique Armour Shop.
   164 | D:1      | Found Xafienaq's General Store.
   245 | D:1      | Reached XP level 3. HP: 10/27 MP: 3/3
   548 | D:1      | Found Toklaug's Assorted Antiques.
   651 | D:1      | Found Lacud's Magic Scroll Boutique.
   673 | D:2      | Reached XP level 4. HP: 31/34 MP: 4/4
   793 | D:2      | Reached skill level 4 in Axes
   990 | D:2      | Found a faded altar of an unknown god.
  1085 | D:2      | Noticed Sigmund
  1096 | D:2      | Killed Sigmund
  1097 | D:2      | Reached skill level 5 in Axes
  1097 | D:2      | Reached skill level 1 in Polearms
  1097 | D:2      | Reached skill level 1 in Armour
  1097 | D:2      | Reached skill level 1 in Stealth
  1097 | D:2      | Reached XP level 5. HP: 34/41 MP: 5/5
  1097 | D:2      | Reached XP level 6. HP: 40/47 MP: 6/6
  1448 | D:3      | You fall into a shaft and drop 2 floors!
  1448 | D:5      | Entered Level 5 of the Dungeon
  1451 | D:5      | Found a staircase to the Ecumenical Temple.
  1488 | Temple   | Entered the Ecumenical Temple
  1684 | Temple   | Became a worshipper of Warmaster Okawaru
  1974 | D:5      | Noticed an ice beast
  1975 | D:5      | Reached XP level 7. HP: 50/52 MP: 7/7
  2002 | D:5      | Reached * piety under Okawaru
  2464 | D:5      | Found Byufial's Serpentskin Sales.
  2464 | D:5      | Noticed a water moccasin
  2473 | D:5      | Killed a water moccasin
  2474 | D:5      | Reached XP level 8. HP: 56/60 MP: 8/8
  2602 | D:6      | Reached skill level 6 in Axes
  2702 | D:6      | Reached ** piety under Okawaru
  2951 | D:6      | Noticed Eustachio
  2978 | D:6      | Killed Eustachio
  3096 | D:6      | Reached XP level 9. HP: 62/67 MP: 9/9
  3896 | D:7      | Noticed Pikel
  3930 | D:7      | Killed Pikel
  3930 | D:7      | Reached *** piety under Okawaru
  3931 | D:7      | Reached skill level 5 in Fighting
  3931 | D:7      | Reached skill level 7 in Axes
  3931 | D:7      | Reached skill level 5 in Armour
  3932 | D:7      | HP: 2/68 [gnoll/+0 spear[a gnoll sergeant] (4)]
  4370 | D:7      | Reached skill level 5 in Stealth
  4991 | D:7      | Reached **** piety under Okawaru
  5173 | D:7      | Reached skill level 5 in Dodging
  5180 | D:7      | Identified a scroll of acquirement
  5181 | D:7      | Acquired 1124 gold pieces
  5645 | D:8      | Reached XP level 10. HP: 76/76 MP: 10/10
  5842 | D:8      | Reached skill level 8 in Axes
  6483 | D:9      | HP: 2/77 [acid dragon/splash of acid (25)]
  6484 | D:9      | Killed from afar by an acid dragon

Illustrated notes

Levels and vault maps discovered:
D:1:      dpeg_arrival_tiny_d, layout_basic, serial_shops, shop, shop,
          nicolae_shop_behind_doors, shop
D:2:      layout_rooms, hellmonk_ecumenical_altar_zigzags, uniq_sigmund
D:3:      layout_rooms, lightli_sewer_entry_pipes, corexii_hall_statues_t
D:5:      layout_cave_pods, minmay_temple_entry_butterflies, guppyfry_shop_venom
D:6:      layout_basic, uniq_eustachio
D:7:      layout_layer_cave, minmay_holes, uniq_pikel
D:8:      layout_gridville
D:9:      layout_cave_pods, nicolae_dithmenos_the_darkroom, lair_entry_dummy,
          serial_shops, nicolae_lakefront_shop, minivault_28
Temple:   roderic_octagonal_lattice_temple

Skill      XL: |  1  2  3  4  5  6  7  8  9 10 |
---------------+-------------------------------+-----
Dodging        | 3 4 5 |  5.3
Axes           | 5 6 7 8 |  8.3
Fighting       | 3 4 6 |  6.5
Polearms       | 1 2 3 4 |  4.5
Armour         | 1 2 3 4 6 |  6.6
Stealth        | 1 2 3 4 5 6 |  6.0
Throwing       | |  2.0

Action                     |  1- 3 |  4- 6 |  7- 9 | 10-12 || total
---------------------------+-------+-------+-------+-------++-------
  Melee: War axe           |    78 |   122 |   209 |       ||   409
         Punch             |     2 |     4 |     5 |     1 ||    12
         Battleaxe         |       |       |    22 |    47 ||    69
    Use: Scroll            |       |       |    14 |       ||    14
   Stab: Sleeping          |     1 |       |       |       ||     1
 Armour: Leather armour    |    42 |    15 |       |       ||    57
         Chain mail        |       |    27 |    83 |    17 ||   127
  Dodge: Dodged            |    80 |    91 |   303 |    58 ||   532

Table legend: (Time is in decaauts)
 A = Elapsed time spent in this place.
 B = Non-inter-level travel time spent in this place.
 C = Inter-level travel time spent in this place.
 D = Time resting spent in this place.
 E = Time spent auto-exploring this place.
 F = Levels seen in this place.
 G = Mean time per level.
                   A        B        C        D        E       F      G
               +--------+--------+--------+--------+--------+-----+--------+
         Total |   6592 |   6476 |    116 |    651 |   4665 |   9 |  732.4 |
       Dungeon |   6299 |   6202 |     97 |    651 |   4424 |   8 |  787.4 |
        Temple |    292 |    273 |     19 |      0 |    241 |   1 |  292.0 |
               +--------+--------+--------+--------+--------+-----+--------+

Top non-repeatable levels by time:
     D:7: 1763 daAuts
     D:6: 1311 daAuts
     D:5: 864 daAuts
     D:8: 840 daAuts
     D:1: 682 daAuts
     D:2: 535 daAuts
  Temple: 292 daAuts
     D:3: 281 daAuts
     D:9: 19 daAuts
